Map: Tourmaline LE

Players

llllllllllll - Winner!

  • Race: Zerg Zerg
  • Spawn Location: 7:00

HeavenSDevil

  • Race: Terran Terran
  • League: Platinum
  • Spawn Location: 1:00

VOD

Have the link to the VOD?

Description

Hacker Zerg FoW-picks on my proxy not a second after I placed it.

Time

  • Played on: Jan. 25, 2026, 5:44 p.m.
  • Length: 4:18
Show
View Real Time Build Order
Export as new Build Order

llllllllllll Zerg - Winner!

Build Orders: Pool First 

Get SALT Encoding   

  12  0:01  Drone  
  13  0:12  Overlord  
  13  0:16  Drone  
  14  0:31  Drone x2  
  16  0:49  Extractor  
  15  0:51  Spawning Pool  
  14  1:09  Drone x2  
  16  1:40  Hatchery  
  16  1:42  Drone  
  16  1:46  Drone  
  17  1:50  Drone  
  18  1:55  Drone  
  19  2:06  Drone  
  20  2:14  Overlord  
  20  2:30  Drone  
  21  2:37  Zergling x2  
  21  2:39  Baneling Nest  
  21  2:47  Zergling x2  
  21  2:48  Queen  
  24  2:51  Queen  
  24  2:53  Zergling x2  
  27  3:11  Zergling x6  
  30  3:14  Overlord  
  30  3:27  Baneling x4  
  30  3:34  Zergling x6  
  30  3:38  Baneling  
  30  3:40  Zergling x4  
  35  3:53  Zergling x4  
Show
View Real Time Build Order
Export as new Build Order

HeavenSDevil Terran 

Build Orders:  

Get SALT Encoding   

  12  0:00  SCV  
  13  0:14  Supply Depot  
  13  0:38  Barracks  
  13  0:46  Barracks  
  13  0:53  SCV  
  13  1:16  Barracks  
  13  1:19  Barracks  
  13  1:26  Barracks  
  13  1:28  SCV  
  14  1:43  Supply Depot, SCV  
  15  1:55  SCV  
  16  2:07  Marine x2  
  18  2:15  Supply Depot  
  18  2:17  Marine  
  18  2:18  Barracks  
  19  2:26  Marine  
  19  2:27  Marine  
  21  2:37  Orbital Command  
  21  2:40  Marine  
  22  2:47  Marine x2  
  24  2:54  Refinery  
  24  3:07  Marine x2  
  24  3:09  Marine  
  24  3:10  Marine  
  29  3:12  SCV  
  29  3:25  Marine x2  
  29  3:26  Marine  
  32  3:29  Barracks Tech Lab  
  32  3:40  SCV  
  33  3:43  Marine x2  
  33  3:44  Marine  
  36  3:50  Marauder  
  38  4:00  Supply Depot  
  38  4:03  Supply Depot  
Tags
 
League
Platinum
Matchup
TvZ
Opening
Pool First
Spawn Locations
Cross Positions
Add a new tag
Caveats
  • Supply blocks, unpowered buildings, or Contaminate may cause inaccurate times.
  • Supply counts are checked every 10 seconds.